 Dungeon Crawl Stone Soup version 0.17-b1-33-gd9cf236 (webtiles) character file.

263 Kold the Chopper (level 5, -5/46 HPs)
             Began as a Minotaur Fighter on Nov 6, 2015.
             Slain by an orc warrior
             ... wielding a +0 mace
              (13 damage)
             ... on level 3 of the Dungeon.
             The game lasted 00:03:38 (1947 turns).

Kold the Chopper (Minotaur Fighter)                 Turns: 1947, Time: 00:03:38

Health: -5/46      AC:  9    Str: 21    XL:     5   Next: 97%
Magic:  4/4        EV:  7    Int:  5    God:
Gold:   139        SH: 10    Dex: 10    Spells: 0 memorised, 4 levels left

rFire  . . .     SeeInvis .     a - +0 war axe
rCold  . . .     Clarity  .     b - +0 scale mail
rNeg   . . .     SustAt   .     c - +0 shield
rPois  .         Gourm    .     (helmet restricted)
rElec  .         Spirit   .     (no cloak)
rCorr  .         Warding  .     g - +1 pair of gloves
rMut   .         Stasis   .     (no boots)
MR     .....                    (no amulet)
Stlth  ..........               (no ring)
                                (no ring)

@: not resistant to hostile enchantments, extremely unstealthy
A: retaliatory headbutt, horns 2
a: no special abilities


You were on level 3 of the Dungeon.
You were hungry.

You visited 1 branch of the dungeon, and saw 3 of its levels.

You collected 139 gold pieces.

Inventory:

Hand Weapons
 a - a +0 war axe (weapon)
Armour
 b - a +0 scale mail (worn)
 c - a +0 shield (worn)
 g - a +1 pair of gloves (worn)
Scrolls
 f - 6 scrolls of identify {unknown}
 i - 2 scrolls of fear {unknown}
 j - 4 scrolls of enchant armour {unknown}
 k - a scroll of noise {unknown}
 n - a scroll of amnesia {unknown}
 o - a scroll of teleportation {unknown}
Potions
 d - a potion of might
 h - a potion of degeneration {unknown}
 l - a potion of poison {unknown}
 m - 2 potions of curing {unknown}
 q - a potion of heal wounds {unknown}
Comestibles
 e - a bread ration


   Skills:
 - Level 4.0 Fighting
 + Level 5.3 Axes
 - Level 4.8 Armour
 - Level 5.2 Shields


You had 4 spell levels left.
You didn't know any spells.

Dungeon Overview and Level Annotations

Branches:
Dungeon (3/15)

Altars:


Innate Abilities, Weirdness & Mutations

You reflexively headbutt those who attack you in melee.
You have a pair of horns on your head.


Message History

You hit the orc warrior.
The orc warrior is severely wounded.
The orc warrior hits you with a mace.
You are feeling hungry.
You closely miss the orc warrior.
The orc warrior is severely wounded.
You block the orc warrior's attack.
You closely miss the orc warrior.
You headbutt the orc warrior, but do no damage.
The orc warrior is severely wounded.
The orc warrior hits you but does no damage.
You barely miss the orc warrior. You headbutt the orc warrior.
The orc warrior is severely wounded.
The orc warrior hits you with a mace.
You barely miss the orc warrior.
The orc warrior is severely wounded.
The orc warrior hits you with a mace!
* * * LOW HITPOINT WARNING * * *
The orc warrior hits you with a mace!
You die...

.###.######.#.###.# #.#
.........#....# #.# #.#
....####.########.# #.#
......<#.#........# #.#
.....###.#.######## #.#
.........#.# #.###
..)##..###.# #...#
.........#.# #########.#
......#..#.# #.@o.# #.#
..#.###....# #.##o# #.#
....####.######.##.# #.#
...............>##o# #.#
.#################.####.##
.# #.)o...†.)...# ##
#†############ #.# #.#


You could see an orc warrior and an orc.

Vanquished Creatures
  Sigmund (D:2)
  3 gnolls (D:3)
  2 adders
  3 worms
  4 orcs (D:3)
  A ball python (D:2)
  4 goblins
  6 hobgoblins
  4 jackals (D:3)
  3 bats
  4 giant geckos
  5 giant newts
  3 kobolds
  7 rats
50 creatures vanquished.

Notes
Turn   | Place    | Note
--------------------------------------------------------------
     0 | D:1      | Kold the Minotaur Fighter began the quest for the Orb.
     0 | D:1      | Reached XP level 1. HP: 19/19 MP: 0/0
   132 | D:1      | Reached skill level 4 in Fighting
   132 | D:1      | Reached XP level 2. HP: 22/27 MP: 1/1
  1050 | D:2      | Reached XP level 3. HP: 24/33 MP: 2/2
  1134 | D:2      | Noticed Sigmund
  1145 | D:2      | Killed Sigmund
  1145 | D:2      | Reached skill level 5 in Shields
  1145 | D:2      | Reached XP level 4. HP: 13/40 MP: 3/3
  1145 | D:2      | Reached XP level 5. HP: 14/46 MP: 4/4
  1756 | D:3      | Reached skill level 5 in Axes
  1923 | D:3      | Noticed an orc warrior
  1947 | D:3      | Slain by an orc warrior

Action                   |  1- 3 |  4- 6 || total
-------------------------+-------+-------++-------
Melee: War axe           |    71 |    74 ||   145
  Eat: Chunk             |     1 |     2 ||     3
